AoeStats
← 陟遐自迩

Oasis

508191704Analyzed
4v4 RM · 11d ago on Sep 21, 2026· 25m 28s· 8 players
Game mode
Random Map
Map size
Large (8 player)
Population
200
Speed
Normal
Resources
Standard
Victory
Conquest
Starting age
Dark Age
Ending age
Imperial Age
RankedLock teamsTeams togetherTeam positionsShared explorationLock speedFull tech treeHidden civsTurbo modeCheats
Victory
Defeat
🇦🇺 Magyars · Australia
1191
+13
🇹🇷 Khmer · Türkiye
1181
+13
🇹🇷 Hindustanis · Türkiye
1120
+16
🇩🇪 Italians · Germany
1042
+19
🇻🇳 Byzantines · Vietnam
1203
-19
🇹🇼 Berbers · Taiwan
1124
-16
🇩🇪 Persians · Germany
1069
-13
🇳🇵 Mongols · Nepal
1066
-13
MemeManVai
7:34 Loom
10:21 Feudal Age
10:53 Double-Bit Axe
19:46 Fletching
遠方的燈
0:36 Loom
12:22 Feudal Age
13:36 Double-Bit Axe
13:32 Horse Collar
19:01 Castle Age
18:31 Bloodlines
20:05 Heavy Plow
20:18 Bow Saw
23:32 Scale Barding Armor
23:53 Husbandry
snowttle
3:05 Loom
10:22 Feudal Age
19:36 Castle Age
18:05 Double-Bit Axe
18:02 Horse Collar
18:14 Gold Mining
19:58 Wheelbarrow
21:50 Fletching
23:52 Padded Archer Armor
陟遐自迩
0:45 Loom
11:52 Feudal Age
14:31 Horse Collar
18:34 Castle Age
16:49 Double-Bit Axe
18:47 Forging
18:45 Scale Barding Armor
19:22 Heavy Plow
19:56 Bow Saw
21:02 Bloodlines
22:25 Iron Casting
22:41 Husbandry
24:22 Chain Barding Armor
FALCON
5:32 Loom
9:45 Feudal Age
10:49 Double-Bit Axe
19:05 Castle Age
18:02 Gold Mining
17:55 Horse Collar
19:50 Crossbowman
22:35 Fletching
Armateur
1:32 Loom
11:14 Feudal Age
11:59 Double-Bit Axe
20:33 Castle Age
18:33 Horse Collar
19:28 Stone Mining
21:31 Bow Saw
21:48 Fletching
22:53 Wheelbarrow
22:48 Bodkin Arrow
24:42 Ballistics
24:37 Gold Mining
Exellence
2:40 Loom
9:52 Feudal Age
10:21 Double-Bit Axe
10:23 Horse Collar
17:33 Forging
18:16 Wheelbarrow
17:48 Scale Barding Armor
18:15 Bloodlines
22:56 Castle Age
20:49 Gold Mining
23:39 Husbandry
24:20 Iron Casting
furkanonal2018
11:14 Feudal Age
12:00 Double-Bit Axe
13:31 Horse Collar
15:05 Fletching
18:51 Loom
21:39 Castle Age
20:40 Padded Archer Armor
21:37 Gold Mining
23:06 Wheelbarrow
23:02 Bow Saw
22:18 Crossbowman
22:56 Bodkin Arrow
23:24 Heavy Plow
24:07 Leather Archer Armor
Connection lost

Rejoining the realm…

Still unreachable

The connection could not be restored.

Session expired

The server has moved on; the page needs a fresh start.